 Dungeon Crawl Stone Soup version 0.17.1-2-g5865329 (webtiles) character file.

651 JustSomeDude the Skirmisher (level 7, -7/55 HPs)
             Began as a Demonspawn Fighter on Jan 23, 2016.
             Killed from afar by an oklob sapling (10 damage)
             ... with a splash of acid
             ... on level 4 of the Dungeon.
             The game lasted 00:08:09 (2397 turns).

JustSomeDude the Skirmisher (Demonspawn Fighter)    Turns: 2397, Time: 00:08:10

Health: -7/55      AC:  1    Str: 18    XL:     7   Next: 28%
Magic:  0/7        EV: 10    Int:  9    God:
Gold:   192        SH:  7    Dex: 13    Spells: 0 memorised, 6 levels left

rFire  . . .     SeeInvis .     s - +2 war axe (drain)
rCold  . . .     Clarity  .     b - +0 scale mail
rNeg   . . .     SustAt   .     n - +2 buckler
rPois  .         Gourm    .     (helmet restricted)
rElec  .         Spirit   +     (no cloak)
rCorr  .         Warding  .     t - +1 pair of gloves
rMut   .         Stasis   +     (no boots)
MR     .....                    p - amulet of stasis
Stlth  ..........               u - ring of flight
                                j - ring of loudness (curse)

@: corroded equipment, not resistant to hostile enchantments, extremely
unstealthy
A: claws 1, hooves 1, horns 1, spiny 1, magic shield
a: Evoke Flight


You were on level 4 of the Dungeon.
You were not hungry.

You visited 1 branch of the dungeon, and saw 4 of its levels.
You also visited: Sewer.

You collected 192 gold pieces.

Inventory:

Hand Weapons
 a - a +0 trident
 s - a +2 war axe of draining (weapon)
Armour
 b - a +0 scale mail (worn)
 c - a +0 shield
 n - a +2 buckler (worn)
 t - a +1 pair of gloves (worn)
Jewellery
 j - a cursed ring of loudness (left hand)
 p - an amulet of stasis (around neck)
 u - a ring of flight (right hand)
Scrolls
 r - a scroll of amnesia
 v - 2 scrolls of enchant armour
 x - a scroll of identify
Potions
 d - a potion of might
 g - 2 potions of curing {unknown}
 i - a potion of lignification {unknown}
 k - 2 potions of flight
 m - a potion of agility {unknown}
 o - a potion of brilliance {unknown}
 q - 3 potions of heal wounds {unknown}
 w - a potion of mutation {unknown}
 z - a potion of haste
Comestibles
 e - 6 bread rations
 f - 2 meat rations
 h - a slice of pizza
 l - 2 beef jerkies


   Skills:
 + Level 4.6 Fighting
 + Level 2.0(2.9) Axes
 + Level 3.2(3.5) Polearms
 + Level 4.2 Armour
 + Level 2.1 Dodging
 + Level 1.1 Stealth
 + Level 4.0 Shields


You had 6 spell levels left.
You didn't know any spells.

Dungeon Overview and Level Annotations

Branches:
Dungeon (4/15)             Temple (0/1) D:4

Altars:
Elyvilon
Gozag
Vehumet

Shops:
D:4 [

Annotations:
D:4 exclusion: oklob sapling


Innate Abilities, Weirdness & Mutations

You have sharp fingernails.
You have large cloven feet.
You have a pair of small horns on your head.
You are partially covered in sharp spines.
When hurt, damage is shared between your health and your magic reserves.


Message History

The plant is lightly damaged.
You hit the plant but do no damage.
The plant is lightly damaged.
You hit the oklob sapling but do no damage.
You kick the oklob sapling, but do no damage.
You headbutt the oklob sapling, but do no damage.
The oklob sapling is heavily damaged.
You hit the plant but do no damage.
The plant is lightly damaged.
You hit the plant but do no damage.
The plant is severely damaged.
You completely miss the plant.
The plant is lightly damaged.
You hit the plant but do no damage.
The plant is lightly damaged.
You hit the plant but do no damage.
The plant is lightly damaged.
The oklob sapling spits acid at you. The splash of acid hits you!
You die...

##..#..# #.......
####..##.## #.......
#........# #.......
#.#......# ##......
#####......>#### #......
#.......PP..P..# #......
#......P.PPP.).#########
#.....PPPP.PP#)....#####
#.....P@P>.P.##.........
#####...P.PP.#####..####
#.P.PPP.P# ##..###
#[..P....# ##....
#.....#### ##### #######
#


You could see an oklob sapling.

Vanquished Creatures
  Grinder (D:4)
  A big kobold (Sewer)
  A scorpion (D:4)
  A hound (D:4)
  4 orc priests
  2 orc wizards
  An adder (D:4)
  4 gnolls (D:3)
  A river rat (Sewer)
  An ooze (D:1)
  A worm (D:2)
  4 giant geckos
  7 orcs
  9 goblins
  9 hobgoblins
  4 jackals
  2 quokkas (D:3)
  A ball python (D:2)
  4 bats
  4 giant cockroaches (D:3)
  4 giant newts
  8 kobolds
  3 rats
  2 plants (D:4)
79 creatures vanquished.

Notes
Turn   | Place    | Note
--------------------------------------------------------------
     0 | D:1      | JustSomeDude the Demonspawn Fighter began the quest for the Orb.
     0 | D:1      | Reached XP level 1. HP: 18/18 MP: 1/1
    89 | D:1      | Gained mutation: You have a pair of small horns on your head. [demonic ancestry]
    89 | D:1      | Reached XP level 2. HP: 12/24 MP: 2/2
   603 | D:2      | Gained mutation: You are partially covered in sharp spines. [demonic ancestry]
   603 | D:2      | Reached XP level 3. HP: 29/29 MP: 3/3
  1007 | D:3      | Reached XP level 4. HP: 33/35 MP: 4/4
  1062 | D:3      | Found a radiant altar of Vehumet.
  1064 | D:3      | Found an opulent altar of Gozag.
  1066 | D:3      | Found a white marble altar of Elyvilon.
  1305 | D:3      | Reached skill level 4 in Fighting
  1305 | D:3      | Reached skill level 1 in Dodging
  1305 | D:3      | Gained mutation: You have sharp fingernails. [demonic ancestry]
  1305 | D:3      | Reached XP level 5. HP: 34/42 MP: 5/5
  1312 | D:3      | Found a glowing drain.
  1326 | Sewer    | Entered a sewer
  1410 | Sewer    | Reached skill level 1 in Axes
  1431 | Sewer    | Found a white marble altar of Elyvilon.
  1937 | D:4      | Noticed Grinder
  1947 | D:4      | Gained mutation: When hurt, damage is shared between your health and your magic reserves. [demonic ancestry]
  1947 | D:4      | Reached XP level 6. HP: 29/48 MP: 6/6
  1958 | D:4      | Killed Grinder
  1958 | D:4      | Reached skill level 1 in Stealth
  1958 | D:4      | Gained mutation: You have large cloven feet. [demonic ancestry]
  1958 | D:4      | Reached XP level 7. HP: 19/55 MP: 3/7
  2253 | D:4      | Found Pumeagao's Armour Shop.
  2276 | D:4      | Found a staircase to the Ecumenical Temple.
  2395 | D:4      | HP: 2/55 [acid (13)]
  2397 | D:4      | Killed from afar by an oklob sapling

Action                   |  1- 3 |  4- 6 |  7- 9 || total
-------------------------+-------+-------+-------++-------
Melee: Trident           |    69 |       |       ||    69
       War axe           |    15 |    58 |    45 ||   118
  Use: Scroll            |     6 |       |     2 ||     8
       Potion            |       |     1 |       ||     1
  Eat: Fruit             |       |     2 |       ||     2
       Meat ration       |       |     1 |       ||     1
